 Dungeon Crawl Stone Soup version 0.28-a0-1510-gd0f6b136d3 (webtiles) character file.

Game seed: 17726256153073281600

1745 karrick the Cudgeller (level 9, 0/55 HPs)
             Began as a Gargoyle Fighter on Jan 15, 2022.
             Was a Believer of Okawaru.
             Slain by an orc warrior (1 damage)
             ... on level 6 of the Dungeon.
             The game lasted 00:15:50 (7080 turns).

karrick the Cudgeller (Gargoyle Fighter)            Turns: 7080, Time: 00:15:51

Health: 0/55       AC: 18    Str: 20    XL:     9   Next: 6%
Magic:  8/9        EV: 13    Int:  9    God:    Okawaru [**....]
Gold:   76         SH:  6    Dex: 13    Spells: 8/8 levels left

rFire   . . .      SeeInvis .   A - +2 broad axe (flame)
rCold   + . .      Faith    +   c - +0 buckler
rNeg    + . .      Spirit   .   b - +0 scale mail
rPois   ∞          Reflect  .   (no helmet)
rElec   +          Harm     .   t - +0 cloak
rCorr   +          Rampage  .   (no gloves)
Will    .....                   l - +0 pair of boots
Stlth   ++........              x - amulet of faith
HPRegen 0.18/turn               s - ring of resist corrosion
MPRegen 0.11/turn               j - ring of protection from cold

@: about to teleport, heroic
A: sickness immunity, AC +6, negative energy resistance 1, electricity
resistance, torment resistance 1, petrification resistance
a: Renounce Religion, Heroism


You were on level 6 of the Dungeon.
You worshipped Okawaru.
Okawaru was pleased with you.
You visited 2 branches of the dungeon, and saw 7 of its levels.
You also visited: Ossuary.

You collected 636 gold pieces.
You spent 560 gold pieces at shops.

Inventory:

Hand Weapons
 a - a +0 flail
 h - a +2 vampiric whip
 A - a +2 broad axe of flaming (weapon)
Armour
 b - a +0 scale mail (worn)
 c - a +0 buckler (worn)
 l - a +0 pair of boots (worn)
 t - a +0 cloak (worn)
 E - a +2 buckler
Jewellery
 j - a ring of protection from cold (right hand)
 s - a ring of resist corrosion (left hand)
 x - an amulet of faith (around neck)
Wands
 i - a wand of polymorph (4)
Scrolls
 d - 3 scrolls of magic mapping {unknown}
 e - a scroll of brand weapon {unknown}
 o - 3 scrolls of teleportation
 p - 8 scrolls of identify
 u - 2 scrolls of vulnerability {unknown}
 w - a scroll of fog {unknown}
 y - a scroll of silence {unknown}
 z - a scroll of enchant armour {unknown}
 B - 2 scrolls of immolation
 F - 2 scrolls of blinking {unknown}
 H - 2 scrolls of fear {unknown}
Potions
 f - 2 potions of flight {unknown}
 g - a potion of magic {unknown}
 m - 2 potions of berserk rage {unknown}
 q - 2 potions of heal wounds {unknown}
 r - 3 potions of haste
 v - a potion of invisibility {unknown}
 C - a potion of mutation {unknown}
 D - 2 potions of resistance {unknown}
 G - a potion of curing {unknown}


   Skills:
 + Level 5.7(10.7) Fighting
 + Level 1.6(9.3) Axes
 + Level 7.0(12.1) Maces & Flails
 + Level 6.7(11.7) Armour
 + Level 3.0(8.0) Dodging
 + Level 0.6(5.6) Stealth
 + Level 5.1(10.1) Shields


You had 8 spell levels left.
You didn't know any spells.
Your spell library contained the following spells:

 Spells                   Type           Power      Damage    Failure   Level
 Pain                     Necr           0%         1d4       75%         1
 Frozen Ramparts          Ice            0%         1d2       98%         3
 Ice Form                 Ice/Tmut       0%         N/A       100%        4
 Agony                    Necr           0%         N/A       100%        5
 Excruciating Wounds      Necr           0%         N/A       100%        5
 Orb of Destruction       Conj           0%         9d5       100%        7
 Summon Small Mammal      Summ           Unusable   N/A       N/A         1
 Call Canine Familiar     Summ           Unusable   N/A       N/A         3
 Summon Guardian Golem    Hex/Summ       Unusable   N/A       N/A         3
 Summon Ice Beast         Ice/Summ       Unusable   N/A       N/A         4
 Spellforged Servitor     Conj/Summ      Unusable   N/A       N/A         7

Dungeon Overview and Level Annotations

Branches:
Dungeon (6/15)             Temple (1/1) D:4         Ossuary (visited)

Altars:
Ashenzari
Cheibriados
Elyvilon
Fedhas
Gozag
Hepliaklqana
Kikubaaqudgha
Makhleb
Nemelex Xobeh
Okawaru
Qazlal
Ru
Sif Muna
Trog
Uskayaw
Vehumet
Wu Jian
Xom
Yredelemnul
Zin
The Shining One

Shops:
D:3 [(=

Annotations:
D:6 1 runed translucent door, Dowan; Duvessa; squill's ghost, novice HOCj


Innate Abilities, Weirdness & Mutations

You are immune to sickness and miasma.
Your stone body is resilient. (AC +6)
You are immune to poison.
You resist negative energy. (rN+)
You are resistant to electric shocks. (rElec)
You are resistant to unholy torment.
You are immune to petrification.


Message History

The quokka zombie bites you but does no damage.
The orc warrior hits you from afar with a +2 halberd of freezing.
The orc warrior freezes you.
The quokka zombie bites you but does no damage.
The quokka zombie closely misses you.
You gain the combat prowess of a mighty hero.
The orc warrior completely misses you.
The quokka zombie bites you but does no damage.
You barely miss the quokka zombie.
The orc warrior hits you from afar with a +2 halberd of freezing!
The quokka zombie bites you but does no damage.
You slice the quokka zombie!! You burn the quokka zombie.
You destroy the quokka zombie!
The orc warrior hits you from afar with a +2 halberd of freezing.
You slice the quokka zombie!! You burn the quokka zombie.
You destroy the quokka zombie!
You block the orc warrior's attack.
The orc warrior hits you with a +2 halberd of freezing!
The orc warrior freezes you.
You barely miss the orc warrior.
The orc warrior hits you but does no damage.
The orc warrior hits you with a +2 halberd of freezing!
* * * LOW HITPOINT WARNING * * *
The orc warrior freezes you.
* * * LOW HITPOINT WARNING * * *
As you read the scroll of teleportation, it crumbles to dust.
You feel strangely unstable.
The orc warrior hits you with a +2 halberd of freezing.
* * * LOW HITPOINT WARNING * * *
Okay, then.
You slash the orc warrior! You burn the orc warrior.
The orc warrior is moderately wounded.
The orc warrior hits you with a +2 halberd of freezing.
* * * LOW HITPOINT WARNING * * *
You hit the orc warrior. You burn the orc warrior.
The orc warrior is heavily wounded.
The orc warrior hits you with a +2 halberd of freezing.
* * * LOW HITPOINT WARNING * * *
The orc warrior freezes you.
You die...

.....####
...$..##.....####
.....#
#.##...........#
.....#
...............#
..####
######..........#
##
#....#..(##....##
#..###.####..###
#...o..# ..#
#.o###.# ..#
#..@.#...
######..## ...#
...# ####


You could see an orc warrior.

Vanquished Creatures
  A hornet (D:4)
  Sigmund (D:2)
  A hornet zombie (D:5)
  An ice beast (D:6)
  A sky beast (D:6)
  3 ogres
  A bullfrog (D:4)
  3 centaur zombies (Ossuary)
  A jelly (D:6)
  4 hounds
  A human zombie (Ossuary)
  2 bullfrog skeletons
  3 iguanas
  Jessica (D:2)
  Natasha (thrice) (D:2)
  An orc wizard (D:4)
  Terence (D:2)
  5 mummies (Ossuary)
  A howler monkey zombie (D:4)
  A gnoll (D:4)
  3 adders (D:4)
  2 shadow imps
  A white imp (D:5)
  An ufetubus (D:6)
  3 adder skeletons (D:4)
  4 worms
  A dart slug (D:4)
  4 orcs
  8 endoplasms
  7 giant cockroaches
  A gnoll zombie (Ossuary)
  4 goblins
  6 hobgoblins
  3 jackals (D:3)
  7 kobolds
  5 quokkas
  3 ball pythons
  3 bats
  A frilled lizard (D:1)
  A goblin zombie (Ossuary)
  A kobold zombie (Ossuary)
  An orc zombie (Ossuary)
  2 quokka zombies (D:6)
  10 rats
118 creatures vanquished.

Vanquished Creatures (others)
  2 plants (D:2)
2 creatures vanquished.

Grand Total: 120 creatures vanquished

Notes
Turn   | Place    | Note
-------+----------+-------------------------------------------
     0 | D:1      | karrick the Gargoyle Fighter began the quest for the Orb.
     0 | D:1      | Reached XP level 1. HP: 14/14 MP: 1/1
   292 | D:1      | Reached XP level 2. HP: 19/19 MP: 2/2
   325 | D:1      | Found a faded altar of an unknown god.
   704 | D:1      | Reached XP level 3. HP: 22/23 MP: 3/3
   870 | D:2      | Reached skill level 3 in Maces & Flails
  1069 | D:2      | Reached XP level 4. HP: 27/28 MP: 4/4
  1103 | D:2      | Noticed Jessica
  1110 | D:2      | Killed Jessica
  1150 | D:2      | Noticed Terence
  1165 | D:2      | Killed Terence
  1166 | D:2      | Reached skill level 1 in Dodging
  1553 | D:2      | Noticed Sigmund
  1656 | D:2      | Killed Sigmund
  1657 | D:2      | Reached skill level 4 in Maces & Flails
  1657 | D:2      | Reached XP level 5. HP: 30/33 MP: 5/5
  1657 | D:2      | Reached XP level 6. HP: 34/38 MP: 6/6
  1800 | D:2      | Noticed Natasha
  1810 | D:2      | Killed Natasha
  2087 | D:2      | Noticed Natasha
  2095 | D:2      | Killed Natasha
  2417 | D:2      | Noticed Natasha
  2435 | D:2      | Killed Natasha
  2937 | D:3      | Found Olilem's Armour Shop.
  3038 | D:3      | Found Cafewkom's Antique Weapon Emporium.
  3247 | D:3      | Found Bietuecuo's Jewellery Emporium.
  3631 | D:4      | Reached XP level 7. HP: 34/44 MP: 7/7
  3879 | D:4      | Reached skill level 5 in Maces & Flails
  3986 | D:4      | Found a staircase to the Ecumenical Temple.
  4020 | D:5      | Entered Level 5 of the Dungeon
  4031 | Temple   | Entered the Ecumenical Temple
  4532 | Temple   | Became a worshipper of Warmaster Okawaru
  4730 | D:4      | Reached skill level 5 in Armour
  5102 | D:4      | Noticed a hornet
  5124 | D:4      | Killed a hornet
  5124 | D:4      | Reached * piety under Okawaru
  5125 | D:4      | Reached skill level 5 in Fighting
  5125 | D:4      | Reached XP level 8. HP: 5/49 MP: 8/8
  5443 | D:4      | Reached skill level 6 in Maces & Flails
  5587 | D:3      | Bought an amulet of faith for 560 gold pieces
  6468 | D:6      | Reached ** piety under Okawaru
  6474 | D:6      | Found a runed translucent door.
  6555 | D:6      | Noticed Dowan
  6555 | D:6      | Noticed Duvessa
  6572 | D:5      | Reached skill level 5 in Shields
  6598 | D:6      | Reached skill level 1 in Axes
  6619 | D:6      | Noticed squill's ghost (novice HOCj)
  6635 | D:6      | Found a sand-covered staircase.
  6642 | Ossuary  | Entered an ossuary
  6722 | Ossuary  | Reached XP level 9. HP: 42/55 MP: 7/9
  6992 | Ossuary  | Reached skill level 7 in Maces & Flails
  7080 | D:6      | HP: 1/55 [orc warrior (6)]
  7080 | D:6      | Slain by an orc warrior

Illustrated notes

Levels and vault maps discovered:
D:1:      mushboom_english_gardens, layout_loops_ring,
          chequers_ecumenical_altar_simple, minmay_rat_gold_closets
D:2:      layout_loops_ring, serial_forest, infiniplex_forest_straight_4,
          infiniplex_forest_clump_long, infiniplex_forest_lined_room_,
          infiniplex_forest_zigzag_2, infiniplex_forest_lined_3,
          infiniplex_forest_join, infiniplex_forest_zigzag_2,
          infiniplex_forest_end_double, infiniplex_forest_clump_curved,
          infiniplex_forest_clump_medium, uniq_jessica, uniq_terence,
          uniq_sigmund, uniq_natasha
D:3:      layout_loops_corners, serial_shops, nicolae_shop_statue_plus, shop,
          nicolae_lakefront_shop, minivault_24, chequers_serial_rivers_room_a
D:4:      minmay_polygon_palace, layout_cave_pools, minmay_temple_entry_hall
D:5:      layout_rooms
D:6:      layout_cave_pools, grunt_dithmenos_shadows, enter_ossuary_4,
          ebering_ghost_reflecting_pool, kennysheep_generic_room_8, uniq_duvessa
Temple:   mainiacjoe_temple_trianglar_array

Skill      XL: |  1  2  3  4  5  6  7  8  9 |
---------------+----------------------------+-----
Maces & Flails | 3 4 5 6 7 |  7.0
Dodging        | 1 2 3 |  3.0
Fighting       | 4 5 |  5.7
Armour         | 4 5 6 |  6.7
Shields        | 4 5 |  5.1
Axes           | 1 |  1.6
Stealth        | |  0.6

Action                   |  1- 3 |  4- 6 |  7- 9 || total
-------------------------+-------+-------+-------++-------
Melee: Flail             |    86 |     1 |       ||    87
       Whip              |       |   146 |   297 ||   443
       Broad axe         |       |       |    50 ||    50
Invok: Heroism           |       |       |     2 ||     2
  Use: Potion            |       |     1 |     1 ||     2
       Scroll            |       |       |     3 ||     3
Armor: Scale mail        |    46 |    55 |   116 ||   217
Dodge: Dodged            |    33 |    46 |   131 ||   210
Block: Buckler           |    16 |    16 |    60 ||    92

Table legend: (Time is in decaauts)
 A = Elapsed time spent in this place.
 B = Non-inter-level travel time spent in this place.
 C = Inter-level travel time spent in this place.
 D = Time resting spent in this place.
 E = Time spent auto-exploring this place.
 F = Levels seen in this place.
 G = Mean time per level.
                   A        B        C        D        E       F      G
               +--------+--------+--------+--------+--------+-----+--------+
         Total |   7075 |   6672 |    403 |    315 |   5111 |   8 |  884.4 |
       Dungeon |   6104 |   5762 |    342 |    315 |   4359 |   6 | 1017.3 |
        Temple |    531 |    470 |     61 |      0 |    468 |   1 |  531.0 |
       Ossuary |    439 |    439 |      0 |      0 |    284 |   1 |  439.0 |
               +--------+--------+--------+--------+--------+-----+--------+

Top non-repeatable levels by time:
     D:2: 1751 daAuts
     D:4: 1393 daAuts
     D:3: 1092 daAuts
     D:1: 873 daAuts
     D:5: 794 daAuts
  Temple: 531 daAuts
 Ossuary: 439 daAuts
     D:6: 199 daAuts
